 Dungeon Crawl Stone Soup version 0.28-a0-233-gb8ca4b6547 (webtiles) character file.

Game seed: 12603802937762959958

16 Smaepdii the Shield-Bearer (level 2, 0/29 HPs)
             Began as a Gnoll Fighter on Aug 22, 2021.
             Succumbed to a goblin's poison
             ... on level 1 of the Dungeon.
             The game lasted 00:01:37 (280 turns).

Smaepdii the Shield-Bearer (Gnoll Fighter)           Turns: 280, Time: 00:01:38

Health: 0/29       AC:  7    Str: 15    XL:     2   Next: 54%
Magic:  2/2        EV:  9    Int:  7    God:
Gold:   15         SH:  0    Dex: 11    Spells: 1/1 levels left

rFire   . . .      SeeInvis .   a - +0 war axe
rCold   . . .      Faith    .   (no shield)
rNeg    . . .      Spirit   .   b - +0 scale mail
rPois   .          Reflect  .   (no helmet)
rElec   .          Harm     .   (no cloak)
rCorr   .          Rampage  .   (no gloves)
Will    .....                   (no boots)
Stlth   ..........              (no amulet)
HPRegen 0.09/turn               (no ring)
MPRegen 0.08/turn               (no ring)

@: mighty, lethally poisoned (0 -> -26)
A: fangs 1, strong nose, distributed training
a: no special abilities


You were on level 1 of the Dungeon.
You visited 1 branch of the dungeon, and saw 1 of its levels.

You collected 15 gold pieces.

Inventory:

Hand Weapons
 a - a +0 war axe (weapon)
Armour
 b - a +0 scale mail (worn)
 c - a +0 kite shield
Scrolls
 h - a scroll of identify {unknown}
Potions
 e - a potion of lignification {unknown}
 f - 2 potions of cancellation {unknown}
 g - a potion of heal wounds {unknown}
 i - 2 potions of brilliance {unknown}


   Skills:
 + Level 6.5 Fighting
 + Level 0.4 Short Blades
 + Level 0.4 Long Blades
 + Level 4.5 Axes
 + Level 0.4 Maces & Flails
 + Level 0.4 Polearms
 + Level 0.4 Staves
 + Level 0.4 Slings
 + Level 0.4 Bows
 + Level 0.4 Crossbows
 + Level 0.4 Throwing
 + Level 6.5 Armour
 + Level 0.4 Dodging
 + Level 0.4 Stealth
 + Level 6.5 Shields
 + Level 0.4 Unarmed Combat
 + Level 0.4 Spellcasting
 + Level 0.2 Conjurations
 + Level 0.2 Hexes
 + Level 0.2 Summonings
 + Level 0.2 Necromancy
 + Level 0.2 Translocations
 + Level 0.2 Transmutations
 + Level 0.2 Fire Magic
 + Level 0.2 Ice Magic
 + Level 0.2 Air Magic
 + Level 0.2 Earth Magic
 + Level 0.2 Poison Magic
 + Level 0.5 Invocations
 + Level 0.4 Evocations


You had one spell level left.
You didn't know any spells.
Your spell library contained the following spells:

 Spells                   Type           Power      Damage    Failure   Level
 Magic Dart               Conj           0%         1d3       80%         1
 Passwall                 Tmut/Erth      0%         N/A       91%         2
 Searing Ray              Conj           0%         3d3       91%         2
 Swiftness                Air            0%         N/A       99%         3
 Fulminant Prism          Conj/Hex       0%         3d6       100%        4
 Invisibility             Hex            0%         N/A       100%        6


Dungeon Overview and Level Annotations

Branches:
Dungeon (1/15)

Altars:


Innate Abilities, Weirdness & Mutations

You have very sharp teeth.
Your uncanny sense of smell can sniff out nearby items.
Your experience applies equally to all skills.


Message History

You hit the goblin.
You kill the goblin!
The frilled lizard completely misses you.
You barely miss the frilled lizard. The frilled lizard barely misses you.
You barely miss the frilled lizard. The frilled lizard barely misses you.
Your scale mail prevents you from hitting the frilled lizard.
The frilled lizard bites you but does no damage.
You closely miss the frilled lizard.
The frilled lizard bites you but does no damage. x2
You slash the frilled lizard!
You kill the frilled lizard!
You closely miss the goblin. The goblin hits you but does no damage.
You closely miss the goblin. The goblin completely misses you.
You closely miss the goblin.
You hit the frilled lizard but do no damage.
The frilled lizard bites you but does no damage.
The goblin hits you but does no damage.
You are poisoned.
The frilled lizard closely misses you.
You barely miss the goblin. You barely miss the frilled lizard.
You feel sick. The goblin completely misses you.
The frilled lizard bites you but does no damage.
The goblin hits you but does no damage.
You are more poisoned.
You feel very mighty all of a sudden.
You feel sick. The frilled lizard barely misses you.
The goblin hits you but does no damage.
You are lethally poisoned!
You closely miss the goblin. You slash the frilled lizard!
You kill the frilled lizard!
* * * LOW HITPOINT WARNING * * *
You feel very sick.
A bat comes into view.
The goblin hits you but does no damage.
You are more poisoned.
You slice the goblin!!
You kill the goblin!
You slash the goblin!
You kill the goblin!
You die...

...#.....###..##.##..##.#.......#
#####..#.# #..#...#..##.#.###....
.......#.# #..#...#..##.#.# #..
.#####.# #..#......##.#.. . .#
... #..#...#........ .. ....
#..#......b...... .....
#..#...#...#.....
.....##..##.#........
...........@).........
.........##)##...##
....###.###........
#.#.###............
#..>...............
#.#.#.##.#)#.#.#.#.
..................
.#.#.l#.#>#.#.#.#.
..................


You could see a bat.

Vanquished Creatures
  A ball python (D:1)
  A bat (D:1)
  An endoplasm (D:1)
  2 hobgoblins (D:1)
  2 kobolds (D:1)
  A quokka (D:1)
  3 frilled lizards (D:1)
  5 goblins (D:1)
16 creatures vanquished.

Notes
Turn   | Place    | Note
-------+----------+-------------------------------------------
     0 | D:1      | Smaepdii the Gnoll Fighter began the quest for the Orb.
     0 | D:1      | Reached XP level 1. HP: 23/23 MP: 1/1
   126 | D:1      | Reached XP level 2. HP: 29/29 MP: 2/2
   280 | D:1      | Succumbed to a goblin's poison

Illustrated notes

Levels and vault maps discovered:
D:1:      scummos_arrival_star, layout_basic, chequers_serial_rivers_room_b,
          st_stairs_11, minmay_lizard_pond

Action                   || total
-------------------------++-------
Melee: War axe           ||    40
       Bite              ||     5
  Use: Potion            ||     1
Armor: Scale mail        ||    27
Dodge: Dodged            ||    22

Table legend: (Time is in decaauts)
 A = Elapsed time spent in this place.
 B = Non-inter-level travel time spent in this place.
 C = Inter-level travel time spent in this place.
 D = Time resting spent in this place.
 E = Time spent auto-exploring this place.
 F = Levels seen in this place.
 G = Mean time per level.
                   A        B        C        D        E       F      G
               +--------+--------+--------+--------+--------+-----+--------+
         Total |    291 |    291 |      0 |      0 |    154 |   1 |  291.0 |
       Dungeon |    291 |    291 |      0 |      0 |    154 |   1 |  291.0 |
               +--------+--------+--------+--------+--------+-----+--------+

Top non-repeatable levels by time:
     D:1: 291 daAuts
